Match 36595218
Unlisted

Match 36595218
End
Construct Infanterie Kompanie
MG 42 Machine Gun Team
MG 42 Machine Gun Team
Grenadier Squad
Selects Breakthrough Battlegroup
Selects Assault Grenadiers
Grenadier Squad
Medical Station
GrW 34 Mortar Team
Construct Luftwaffe Kompanie
Jäger Squad
Jäger Squad
Construct Panzer Kompanie
Jäger Squad
Jäger Squad
Selects Smoke Bombing Run
Selects Incendiary Bombing Run
Sturmpanzer IV Brummbär
アダム君
阿库玛
Bruistablet
OMJimas
0
0

Comments sign in to comment!

No comments posted yet!